Cogmind - Beta 16 @@@ ROGUE MODE // 2025.11.30 @ 08:24:46 Player: Wyvric Result: Destroyed by Optimus with Helical Railgun Performance ------------- Evolutions (3) 1500 Regions Visited (11) 2200 Robots Destroyed (221) 1105 Value Destroyed (7898) 7898 Prototype IDs (48) 960 Alien Tech Used (0) 0 Bonus (1651) 1651 TOTAL SCORE: 15314 Bonus ------- High Alert Combat Kills 116 Follower Combat Kills 1242 Aligned with FarCom 300 Friendly Fire -7 Cogmind --------- Core Integrity 0/700 Matter 120/300 Energy 24/900 System Corruption 9% Temperature Cool (25) Movement Core (1600) Ox31 Location -7/Scraptown Parts ------- > --- POWER (1) -------- Hybrid Fission Core > --- PROPULSION (3) --- (None) > --- UTILITY (6) ------ Huge Storage Unit > --- WEAPON (3) ------- Proton Missile Launcher > --- INVENTORY (25) --- Improved Ion Engine Improved Deuterium Engine Armored Huge Wheel Cooled Particle Cannon Cooled Particle Cannon Cooled Particle Cannon Cooled Particle Cannon Cooled Particle Cannon Cooled Particle Cannon Cooled Particle Cannon Cooled Particle Cannon Cooled Particle Cannon Cooled Particle Cannon CPS Tube (2) Peak State ------------ > --- POWER ------------ Hybrid Fission Core > --- PROPULSION ------- Tri-treads > --- UTILITY ---------- Improved Heat Sink Huge Storage Unit Weapon Cycler Improved Light Armor Plating Makeshift Medium Armor Plating Makeshift Medium Armor Plating > --- WEAPON ----------- Cooled Particle Cannon Cooled Particle Cannon Precision Assault Rifle > --- INVENTORY -------- Improved Ion Engine Improved Deuterium Engine Armored Treads Armored Treads Medium Treads Armored Huge Wheel Cooled Particle Cannon Cooled Particle Cannon Cooled Particle Cannon Cooled Particle Cannon Cooled Particle Cannon Cooled Particle Cannon Cooled Particle Cannon Cooled Particle Cannon Precision Assault Rifle Precision Assault Rifle Siege Cannon Proton Missile Launcher Proton Missile Launcher Proton Missile Launcher Field Lobotomy Kit CPS Tube [Rating: 70] Favorites ----------- Power Heavy Ion Engine Engine Heavy Ion Engine Power Core Light Nuclear Core Propulsion Light Treads Treads Light Treads Wheel Armored Huge Wheel Utility Huge Storage Unit Device Improved Heat Sink Storage Huge Storage Unit Processor Advanced Targeting Computer Hackware Hacking Suite Protection Hardened Medium Armor Plating Weapon Plasma Cannon Energy Gun Improved EM Shotgun Energy Cannon Plasma Cannon Ballistic Gun Precision Assault Rifle Ballistic Cannon Improved Light Cannon Launcher Proton Missile Launcher Special Weapon CPS Tube Special Melee Weapon Datajack Build | -11 -10 -10 -9 -9 -9 -8 -8 -7 -7 -7 -7 ------- Run | Yrd Mat Min Mat Min Exi Min Mat Fac Sto Rec Scr Slots Evolved 6 | . . . 2 . . . 2 2 . . . Power . | . . . . . . . . . . . . Propulsion 1 | . . . . . . . 1 . . . . Utility 4 | . . . 1 . . . 1 2 . . . Weapon 1 | . . . 1 . . . . . . . . Parts Attached 174 | 6 6 5 16 5 4 2 42 29 26 10 23 Power 16 | 1 1 1 1 1 . . 5 2 2 1 1 Engine 14 | 1 1 1 . 1 . . 5 2 2 1 . Core 2 | . . . 1 . . . . . . . 1 Reactor . | . . . . . . . . . . . . Propulsion 41 | 2 1 1 5 2 . . 10 7 7 2 4 Treads 37 | 2 1 1 5 2 . . 10 7 6 . 3 Leg . | . . . . . . . . . . . . Wheel 4 | . . . . . . . . . 1 2 1 Hover . | . . . . . . . . . . . . Flight . | . . . . . . . . . . . . Utility 48 | 1 2 1 4 2 . 2 8 10 8 5 5 Device 21 | . 1 1 1 . . 1 4 5 3 4 1 Storage 6 | 1 1 . 1 . . . . 1 1 1 . Processor 7 | . . . . 2 . 1 2 2 . . . Hackware 1 | . . . . . . . . 1 . . . Protection 13 | . . . 2 . . . 2 1 4 . 4 Artifact . | . . . . . . . . . . . . Weapon 69 | 2 2 2 6 . 4 . 19 10 9 2 13 Energy Gun 21 | 2 2 2 6 . . . 8 . . . 1 Energy Cannon 25 | . . . . . . . 4 8 7 . 6 Ballistic Gun 6 | . . . . . . . 2 1 2 1 . Ballistic Cannon 9 | . . . . . 3 . 5 . . . 1 Launcher 4 | . . . . . . . . 1 . . 3 Special Weapon 3 | . . . . . . . . . . 1 2 Impact Weapon . | . . . . . . . . . . . . Slashing Weapon . | . . . . . . . . . . . . Piercing Weapon . | . . . . . . . . . . . . Special Melee Weapon 1 | . . . . . 1 . . . . . . Unidentified Prototypes 5 | . . . 1 . . . 1 1 1 . 1 Corrupted Parts 1 | . . . . . . . . . . . 1 System Corruption 3 | . . . . . . . . . . . 3 Parts Lost 47 | . . 4 2 1 . . 17 3 5 1 14 Power 2 | . . 1 . . . . 1 . . . . Propulsion 15 | . . 1 . . . . 7 1 2 . 4 Utility 17 | . . 1 1 1 . . 2 1 3 1 7 Weapon 13 | . . 1 1 . . . 7 1 . . 3 Highest Loss Streak 12 | . . 4 1 1 . . 12 1 3 1 12 To Critical Strikes . | . . . . . . . . . . . . Average Backups 22 | 4 9 14 19 24 24 22 23 23 28 29 27 Power 1 | . . . . 1 3 4 3 . 1 1 1 Propulsion 6 | 2 5 11 9 6 5 5 4 5 5 7 6 Utility 2 | . . . . 1 1 3 4 4 4 3 1 Weapon 10 | . 3 3 8 15 13 9 8 10 14 15 15 Tool/Special . | . . . . . . . . . . . . Unused Backups 79 | . 10 1 6 3 5 . 19 15 3 5 12 Power 7 | . 1 . 1 . . . 3 . . . 2 Propulsion 17 | . 5 . 3 1 . . . . 2 3 3 Utility 13 | . . . . 1 . . 6 4 1 1 . Weapon 41 | . 4 1 2 1 5 . 10 11 . 1 6 Tool/Special 1 | . . . . . . . . . . . 1 Average Slot Usage (%) 93 | . 96 92 99 99 76 100 97 99 88 88 84 Engine 7 | . 14 8 . 8 11 11 8 7 7 7 6 Core 1 | . . . 10 2 . . . . . . . Treads 21 | . 27 28 21 22 22 22 26 22 13 20 7 Device 12 | . 11 13 12 11 11 11 8 12 13 13 17 Storage 9 | . 14 14 11 11 11 11 9 7 7 7 7 Processor 10 | . . . . 8 11 11 17 24 15 . . Protection 3 | . . . 9 2 . . . . 2 15 13 Energy Gun 11 | . 27 28 32 33 7 . 11 . . . . Energy Cannon 8 | . . . . . . . 6 22 20 . 16 Ballistic Gun 1 | . . . . . . . . . 2 22 1 Ballistic Cannon 2 | . . . . . . 33 8 . . . . Peak Build Rating 70 | 6 11 11 22 22 23 24 39 55 55 56 70 Average Rating 33 | 4 9 10 20 21 17 23 35 49 51 50 55 On Entrance 25 | . 6 11 11 21 22 22 24 38 55 51 44 Avg Prop Armor Cover (%) 7 | . . . . . . . . . 8 6 7 Naked Turns . | . . . . . . . . . . . . Heaviest Build 184 | 12 32 30 99 99 101 101 109 119 177 178 184 Greatest Support 84 | 40 40 40 40 40 40 40 69 84 84 60 68 Greatest Overweight (x) 6 | 3 1 . 2 2 2 2 2 1 6 6 6 Average Overweight (x) 1 | . . . . 2 2 2 1 1 4 3 5 Largest Inventory Capacity 30 | 8 15 15 25 25 25 25 25 25 30 30 30 Average Capacity 23 | 7 11 15 20 25 25 25 25 25 29 30 28 Most Carried 30 | 6 15 15 25 25 25 22 25 25 30 30 30 Average Carried 22 | 4 9 14 19 24 24 22 23 24 28 29 28 Final Capacity 30 | 8 15 15 25 25 25 25 25 25 30 30 25 Final Carried 30 | 6 15 15 25 25 22 22 25 25 30 30 15 Class Distribution -------------------- 32% | Skirmisher 23% | Mutant 10% | Commander-Tank 9% | Gunner 8% | Tank 5% | Hauler-Tank 3% | Scavenger-Tank Dominant Class ---------------- Mutant | -10/Materials Mutant | -10/Mines Tank | -9/Materials Gunner | -9/Mines Mutant | -9/Exiles Skirmisher | -8/Mines Skirmisher | -8/Materials Skirmisher | -7/Factory Hauler-Skirmisher | -7/Storage Hauler-Tank | -7/Recycling Commander-Tank | -7/Scraptown Resources | -11 -10 -10 -9 -9 -9 -8 -8 -7 -7 -7 -7 ----------- Run | Yrd Mat Min Mat Min Exi Min Mat Fac Sto Rec Scr Matter Collected 4475 | 184 206 55 244 115 . 170 1168 397 606 427 903 Remotely . | . . . . . . . . . . . . Salvage Created 9652 | . 633 181 1133 295 . 96 2112 1602 1413 509 1678 Parts 468 | . 40 11 78 20 . 4 88 74 58 21 74 Haulers Intercepted 6 | . 1 . 2 . . . 2 1 . . . Recyclers Shooed 2 | . . . 1 . . . . 1 . . . Parts Field Recycled . | . . . . . . . . . . . . Retrieved Matter . | . . . . . . . . . . . . Parts Self-Destructed . | . . . . . . . . . . . . Prevented . | . . . . . . . . . . . . Parts Restored . | . . . . . . . . . . . . Kills | -11 -10 -10 -9 -9 -9 -8 -8 -7 -7 -7 -7 ------- Run | Yrd Mat Min Mat Min Exi Min Mat Fac Sto Rec Scr Combat Hostiles Destroyed 183 | . 16 10 21 4 . 2 44 25 26 6 29 Guns 86 | . 15 10 18 3 . . 20 . 2 6 12 Cannons 71 | . . . . . . 2 22 22 14 . 11 AOE 15 | . . . 3 1 . . . . 5 . 6 Classes Destroyed 24 | . 6 2 4 . . . 4 1 . . 7 Worker 7 | . 2 . 1 2 . . 2 . . . . Builder 5 | . . . 1 . . . 2 1 1 . . Tunneler 5 | . . 2 1 1 . . 1 . . . . Hauler 6 | . 1 . 2 . . . 2 1 . . . Recycler 8 | . 1 . 1 . . 1 2 2 1 . . Mechanic 1 | . . . . . . . 1 . . . . Operator 4 | . 1 . 1 . . . 1 . 1 . . Watcher 7 | . . . 1 . . . 2 3 1 . . Swarmer 28 | . 9 4 9 . . . 3 . 3 . . Grunt 60 | . 7 . 5 2 . 2 26 9 9 . . Brawler 3 | . . . . . . . 3 . . . . Duelist 8 | . . . 2 . . . 1 . 3 2 . Sentry 34 | . . . 6 2 . . 9 4 9 4 . Hunter 3 | . . . . . . . 1 2 . . . Programmer 11 | . . . . . . . . 9 2 . . Heavy 2 | . . . . . . . 1 1 . . . Bolteater 3 | . . . . . . . . . . . 3 Federalist 4 | . . . . . . . . . . . 4 Explorer 3 | . . . . . . . . . . . 3 Ranger 2 | . . . . . . . . . . . 2 Guru 3 | . . . . . . . . . . . 3 Scrapper 8 | . . . . . . . . . . . 8 Elite 6 | . . . . . . . . . . . 6 Assembled 6 | . . 6 . . . . . . . . . Best Kill Streak 10 | . 5 3 6 2 . 2 4 5 8 3 10 Combat Bots Only 10 | . 5 3 5 2 . 2 4 4 6 3 10 Max Kills in Single Turn 3 | . 2 1 3 2 . 1 1 2 3 2 3 Gunslinging 1 | . . . 1 . . . . . . 1 1 Exploded 3 | . . . 1 1 . . . . 2 . 3 Melee . | . . . . . . . . . . . . Uniques/NPCs Destroyed . | . . . . . . . . . . . . Combat | -11 -10 -10 -9 -9 -9 -8 -8 -7 -7 -7 -7 -------- Run | Yrd Mat Min Mat Min Exi Min Mat Fac Sto Rec Scr Hostile Shots Fired 1273 | . 62 52 87 16 . 23 271 148 201 72 341 Missed 360 | . 20 10 34 6 . 6 73 55 51 30 75 Hits 913 | . 42 42 53 10 . 17 198 93 150 42 266 Melee 54 | . . 13 4 . . . . . 2 1 34 Projectile 859 | . 42 29 49 10 . 17 198 93 148 41 232 AOE 2 | . . . . . . . . 2 . . . Critical Strikes 29 | . . . 2 1 . . 13 4 2 . 7 Part Disruptions 1 | . . . . . . . . 1 . . . Damage Taken 13504 | . 384 679 751 160 . 278 3340 1556 1867 322 4167 Core 1316 | . 51 88 48 12 . . 390 75 223 33 396 Absorbed by Shields 326 | . . . . . . . 61 . . 9 256 Reduced by Siege Mode 321 | . . . . . . . . . . . 321 Ignored by Resistances 62 | . . . . . . . . . 62 . . Regen/Repaired (Parts) 299 | . 161 . . . . . 138 . . . . Core Remaining (%) 64 | 100 . 44 . . . 85 29 . . . . Volleys Fired 491 | . 45 33 38 9 . 8 144 66 66 16 66 Largest 3 | . 2 2 3 3 . 3 3 3 3 3 3 Hottest 240 | . 112 112 168 135 . 99 225 240 240 84 117 Shots Fired 1275 | . 90 67 112 27 . 23 405 192 155 47 157 Gun 636 | . 90 67 112 27 . . 193 . 13 47 87 Cannon 621 | . . . . . . 23 212 191 135 . 60 Launcher 14 | . . . . . . . . 1 7 . 6 Special 4 | . . . . . . . . . . . 4 Kinetic 363 | . . . . . . 23 181 . 13 47 99 Thermal 800 | . 90 67 45 . . . 224 191 135 . 48 Explosive 8 | . . . . . . . . 1 7 . . Electromagnetic 100 | . . . 67 27 . . . . . . 6 Robot Hit Streak 35 | . 9 8 31 25 . 7 26 13 13 35 13 Robot Miss Streak 8 | . 3 8 5 1 . 2 5 4 3 1 3 Penetration Max 1 | . . . . . . . . . . . 1 Secondary Targets 21 | . 2 4 3 1 . . 4 . . 1 6 Max Gunslinging Chain 1 | . 1 1 1 1 . . 1 . . 1 1 Shots Hit Robots 819 | . 55 38 74 20 4 14 272 105 83 38 116 Core Hits 388 | . 26 21 48 12 . 6 109 43 54 17 52 Critical Kills 6 | . . . . . . . 1 . 5 . . Critical Parts Destroyed . | . . . . . . . . . . . . Critical Strikes 37 | . 7 5 3 . . . 15 . 5 . 2 Burn 27 | . 7 5 3 . . . 12 . . . . Meltdown 6 | . . . . . . . 1 . 5 . . Blast 4 | . . . . . . . 2 . . . 2 Melee Attacks 4 | . . . . . 4 . . . . . . Impact . | . . . . . . . . . . . . Slashing . | . . . . . . . . . . . . Piercing . | . . . . . . . . . . . . Sneak Attacks 4 | . . . . . 4 . . . . . . Combat Hostiles . | . . . . . . . . . . . . Follow-up Attacks . | . . . . . . . . . . . . Damage Inflicted 20329 | . 786 568 1383 477 . 316 5491 3003 3359 802 4144 Guns 7559 | . 786 560 1196 381 . . 2338 . 184 802 1312 Cannons 10231 | . . . . . . 316 3094 2905 1880 . 2036 Explosions 2327 | . . . 187 83 . . . . 1261 . 796 Melee . | . . . . . . . . . . . . Ramming 212 | . . 8 . 13 . . 59 98 34 . . Kinetic 6224 | . . . . . . 316 2556 . 184 802 2366 Thermal 10993 | . 786 560 627 83 . . 2876 2905 1880 . 1276 Explosive 1261 | . . . . . . . . . 1261 . . Electromagnetic 1639 | . . . 756 381 . . . . . . 502 Impact . | . . . . . . . . . . . . Slashing . | . . . . . . . . . . . . Piercing . | . . . . . . . . . . . . Highest Corruption 15 | . . 1 1 1 1 1 . 3 15 15 9 Average Corruption 3 | . . 1 1 1 1 1 . 2 5 15 2 Corruption Purged 3 | . . . . . . . . 3 . . . Corruption Blocked . | . . . . . . . . . . . . Effects 211 | . . 7 22 16 8 6 . 50 33 61 8 Message Errors 49 | . . 1 4 8 2 . . 16 5 12 1 Matter Fused 54 | . . 3 5 2 3 1 . 10 10 18 2 Heat Flow Errors 20 | . . . 4 3 1 . . 7 2 3 . Energy Discharges 27 | . . . 2 1 1 1 . 10 2 9 1 Parts Fused 4 | . . . 2 1 . 1 . . . . . Data Loss (minor) 27 | . . 2 1 1 1 1 . 2 8 10 1 Data Loss (major) 10 | . . . 2 . . 1 . 3 1 3 . Misfires 6 | . . 1 1 . . . . . 1 2 1 Alerts 4 | . . . 1 . . . . 1 1 1 . Misdirections 1 | . . . . . . . . . 1 . . Weapon Failures 9 | . . . . . . 1 . 1 2 3 2 Overload Shots . | . . . . . . . . . . . . Overflow Damage 498 | . . . . . . 3 49 34 60 . 352 Projectiles 440 | . . . . . . 3 41 25 26 . 345 Explosions 36 | . . . . . . . . . 29 . 7 Melee 22 | . . . . . . . 8 9 5 . . Knockbacks 40 | . . . . . . 2 27 1 . . 10 Impact 1 | . . . . . . . . 1 . . . Kinetic 36 | . . . . . . 2 26 . . . 8 Secondary 3 | . . . . . . . 1 . . . 2 Self-Inflicted Damage 203 | . . . 84 15 . . . . . . 104 Shots 8 | . . . 3 1 . . . . . . 4 Rammed 16 | . . 3 . 3 . . 2 6 2 . . Targets Rammed 18 | . . 3 . 3 . . 3 7 2 . . Kicked . | . . . . . . . . . . . . Crushed 2 | . . . . . . . 1 1 . . . Highest Temperature 450 | . 150 335 356 198 192 17 366 450 423 251 293 Average Temperature 109 | . 44 126 117 36 105 11 117 120 149 98 58 Received Heat Transfer 4115 | . 96 . 120 75 . 153 1628 363 669 78 933 Effects 21 | . . 3 3 . . . 1 6 8 . . Shutdowns 1 | . . . . . . . . 1 . . . Energy Bleed 6 | . . 1 . . . . . 2 3 . . Interference 11 | . . 2 1 . . . 1 2 5 . . Matter Decay 2 | . . . 1 . . . . 1 . . . Damage (minor) 1 | . . . 1 . . . . . . . . Siege Activations 1 | . . . . . . . . . . . 1 Total Turns 25 | . . . . . . . . . . . 25 Longest Duration 25 | . . . . . . . . . . . 25 Martial Activations . | . . . . . . . . . . . . Shielding Activations . | . . . . . . . . . . . . Robots Disrupted . | . . . . . . . . . . . . Combat Hostiles . | . . . . . . . . . . . . Robots Corrupted 3 | . . . 1 . . . . 1 1 . . Combat Hostiles . | . . . . . . . . . . . . Parts Fried 10 | . . . 4 3 . . . 1 . . 2 Impact Corruptions 4 | . . . . . . . 1 2 1 . . Robots Melted 12 | . 1 . . . . . 2 3 6 . . Combat Hostiles 11 | . 1 . . . . . 2 3 5 . . Parts Melted 65 | . 4 1 5 . . . 15 19 15 . 6 Heat Transferred 22768 | . 2507 1776 1582 100 . . 6771 5257 3401 . 1374 Parts Sabotaged . | . . . . . . . . . . . . Parts Stolen 1 | . . . . . . . . . . . 1 Parts Stripped . | . . . . . . . . . . . . Power Chain Reactions 9 | . . . 3 1 . . . . . . 5 Alert | -11 -10 -10 -9 -9 -9 -8 -8 -7 -7 -7 -7 ------- Run | Yrd Mat Min Mat Min Exi Min Mat Fac Sto Rec Scr Maximum Alert Level 2 | . . . . . . . 2 1 2 1 . Low Security (%) 87 | 100 100 100 100 100 . 100 78 76 66 95 . Level 1 9 | . . . . . . . 19 23 3 4 . Level 2 2 | . . . . . . . 2 . 29 . . Level 3 . | . . . . . . . . . . . . Level 4 . | . . . . . . . . . . . . Level 5 . | . . . . . . . . . . . . High Security . | . . . . . . . . . . . . Max Security . | . . . . . . . . . . . . Peak Influence 589 | . 175 70 151 56 . 51 414 368 589 223 . Initial 223 | . . . . 41 . . . 186 161 223 . Average 86 | . 66 11 57 7 . 3 113 111 264 65 . Influence Increases 4827 | . 523 206 776 124 . 57 1198 690 976 277 . Destroy 0b10 Robot/C 2876 | . 320 120 480 80 . 40 704 408 584 140 . Destroy 0b10 Robot/NC 229 | . 25 10 55 15 . 5 52 28 24 15 . Destroy Leader 768 | . 62 20 152 10 . 10 184 162 168 . . Allied During Kill 96 | . . 8 30 . . . . . 50 8 . Successful Hack 94 | . 9 3 20 . . . 16 . 22 24 . Select Force Hacks 150 | . 60 . . . . . . . . 90 . Disable Machine 150 | . 15 15 . 15 . . 12 48 45 . . Anti-Garrison Action 120 | . . . . . . . 120 . . . . Destroy Structure 134 | . 2 . 9 4 . 2 26 8 83 . . Lose Combat Pursuer 210 | . 30 30 30 . . . 84 36 . . . Influence Decreases 4827 | . 523 206 669 231 . 57 788 744 759 850 . Entered New Map 835 | . . . . 66 . . . 224 195 350 . Time Decay 3580 | . 523 196 618 165 . 57 567 490 474 490 . Lost Part 182 | . . 10 11 . . . 71 30 50 10 . Lost Ally 80 | . . . 40 . . . . . 40 . . Purge Threat 150 | . . . . . . . 150 . . . . Squads Dispatched 37 | . 3 . 1 1 . . 11 14 7 . . Investigation 6 | . 2 . . 1 . . 2 1 . . . Extermination 11 | . . . . . . . . 9 2 . . Reinforcement 12 | . 1 . 1 . . . 3 4 3 . . Assault 4 | . . . . . . . 2 . 2 . . Garrison 4 | . . . . . . . 4 . . . . Intercept . | . . . . . . . . . . . . Searches Triggered . | . . . . . . . . . . . . Construction Impeded 1 | . . . . . . . . . 1 . . Haulers Reinforced . | . . . . . . . . . . . . Active Scanning Responses . | . . . . . . . . . . . . Cargo Convoy Interrupts . | . . . . . . . . . . . . Stealth | -11 -10 -10 -9 -9 -9 -8 -8 -7 -7 -7 -7 --------- Run | Yrd Mat Min Mat Min Exi Min Mat Fac Sto Rec Scr Distress Signals 10 | . . . 1 . . . 6 1 2 . . Communications Jammed . | . . . . . . . . . . . . Distress Signals . | . . . . . . . . . . . . Times Spotted 322 | . 30 21 35 5 . 3 81 41 36 6 64 Peak Tracking Total 16 | . 4 16 4 2 . 3 5 4 7 3 13 Tactical Retreats 17 | . 1 4 2 . . . 6 3 . . 1 Traps | -11 -10 -10 -9 -9 -9 -8 -8 -7 -7 -7 -7 ------- Run | Yrd Mat Min Mat Min Exi Min Mat Fac Sto Rec Scr Traps Triggered 8 | . 3 . 1 . . . . 4 . . . Indirectly . | . . . . . . . . . . . . Trap Hack Attempts . | . . . . . . . . . . . . Triggered . | . . . . . . . . . . . . Disarmed . | . . . . . . . . . . . . Reprogrammed . | . . . . . . . . . . . . Reused . | . . . . . . . . . . . . Traps Extracted . | . . . . . . . . . . . . Installed . | . . . . . . . . . . . . Triggered . | . . . . . . . . . . . . Machines | -11 -10 -10 -9 -9 -9 -8 -8 -7 -7 -7 -7 ---------- Run | Yrd Mat Min Mat Min Exi Min Mat Fac Sto Rec Scr Machines Disabled 14 | . 1 1 . 1 . . 2 4 3 . 2 Max in Single Turn 1 | . 1 1 . 1 . . 1 1 1 . . Garrison Access 1 | . . . . . . . 1 . . . . Machines Repaired . | . . . . . . . . . . . . Machines Dismantled . | . . . . . . . . . . . . Machines Sabotaged . | . . . . . . . . . . . . Overloaded Fab Kills . | . . . . . . . . . . . . Hacking | -11 -10 -10 -9 -9 -9 -8 -8 -7 -7 -7 -7 --------- Run | Yrd Mat Min Mat Min Exi Min Mat Fac Sto Rec Scr Machines Accessed 67 | . 9 1 15 1 2 . 12 14 6 7 . Terminals 46 | . 6 1 11 . . . 8 10 6 4 . Fabricators 3 | . . . . . . . . 3 . . . Repair Stations 2 | . 1 . . . . . 1 . . . . Recycling Units 7 | . 2 . 2 . . . . . . 3 . Scanalyzers 5 | . . . 2 . . . 2 1 . . . Garrison Access 1 | . . . . . . . 1 . . . . Total Hacks 173 | . 21 5 45 1 7 . 39 26 12 17 . Successful 81 | . 13 4 24 1 7 . 14 4 6 8 . Failed 89 | . 8 1 20 . . . 24 21 6 9 . Catastrophic 14 | . 2 . 1 . . . 2 7 1 1 . Database Lockouts 3 | . . . 1 . . . 1 1 . . . Manual 97 | . 15 6 19 . 1 . 19 11 12 14 . Terminals 124 | . 13 5 37 . . . 24 19 12 14 . Fabricators 5 | . . . . . . . . 5 . . . Repair Stations 14 | . 6 . . . . . 8 . . . . Recycling Units 7 | . 2 . 2 . . . . . . 3 . Scanalyzers 13 | . . . 6 . . . 5 2 . . . Garrison Access 2 | . . . . . . . 2 . . . . Terminal Hacks 23 | . . 3 8 1 7 . 2 . 1 1 . Record 6 | . . . . . 6 . . . . . . Part Schematic 1 | . . 1 . . . . . . . . . Robot Schematic 1 | . . . . . . . . . . 1 . Robot Analysis 3 | . . 2 1 . . . . . . . . Prototype ID Bank 4 | . . . 4 . . . . . . . . Open Door 2 | . . . . 1 . . . . 1 . . Emergency Access Points 1 | . . . 1 . . . . . . . . Unreport Threat 1 | . . . . . . . 1 . . . . Zone Layout 3 | . . . 2 . . . 1 . . . . Proto ID Catalog 1 | . . . . . 1 . . . . . . Fabricator Hacks 3 | . . . . . . . . 3 . . . Load Schematic 1 | . . . . . . . . 1 . . . Build 2 | . . . . . . . . 2 . . . Repair Station Hacks 8 | . 5 . . . . . 3 . . . . Scan Component 5 | . 3 . . . . . 2 . . . . Repair 3 | . 2 . . . . . 1 . . . . Recycling Unit Hacks 1 | . . . 1 . . . . . . . . Retrieve Components 1 | . . . 1 . . . . . . . . Scanalyzer 10 | . . . 6 . . . 3 1 . . . Insert Component 5 | . . . 3 . . . 2 . . . . Analyze 3 | . . . 3 . . . . . . . . Retrieve Study 2 | . . . . . . . 1 1 . . . Garrison Access Hacks . | . . . . . . . . . . . . Unauthorized Hacks 36 | . 8 1 9 . . . 6 . 5 7 . Terminals 31 | . 6 1 9 . . . 6 . 5 4 . Track 2 | . . 1 1 . . . . . . . . Botnet 6 | . 1 . 2 . . . 1 . 1 1 . Disrupt 1 | . . . 1 . . . . . . . . Skim 22 | . 5 . 5 . . . 5 . 4 3 . Fabricators . | . . . . . . . . . . . . Repair Stations . | . . . . . . . . . . . . Recycling Units 5 | . 2 . . . . . . . . 3 . Tunnel 5 | . 2 . . . . . . . . 3 . Scanalyzers . | . . . . . . . . . . . . Garrison Access . | . . . . . . . . . . . . Data Cores Recovered 2 | . . . 1 . . . 1 . . . . Used 1 | . . . . . . . 1 . . . . Hacking Detections 53 | . 7 1 13 . . . 10 12 6 4 . Full Trace Events 3 | . . . . . . . 2 1 . . . Feedback Events . | . . . . . . . . . . . . Feedback Blocked . | . . . . . . . . . . . . Robot Schematics Acquired 1 | . . . . . . . . . . 1 . Robots Built . | . . . . . . . . . . . . Authchips . | . . . . . . . . . . . . Time . | . . . . . . . . . . . . Total Robot Build Rating . | . . . . . . . . . . . . Part Schematics Acquired 4 | . . 1 3 . . . . . . . . Parts Built 3 | . . . . . . . . 3 . . . Authchips . | . . . . . . . . . . . . Time 146 | . . . . . . . . 146 . . . Total Part Build Rating 11 | . . . . . . . . 11 . . . Part Studies Acquired 2 | . . . . . . . 1 1 . . . Parts Repaired 3 | . 2 . . . . . 1 . . . . Time 90 | . 58 . . . . . 32 . . . . Parts Recycled . | . . . . . . . . . . . . Recycled Matter . | . . . . . . . . . . . . Retrieved Matter . | . . . . . . . . . . . . Retrieved Components 9 | . . . 9 . . . . . . . . Parts Scanalyzed 3 | . . . 3 . . . . . . . . Part Schematics Acquired 3 | . . . 3 . . . . . . . . Parts Damaged . | . . . . . . . . . . . . Bothacking | -11 -10 -10 -9 -9 -9 -8 -8 -7 -7 -7 -7 ------------ Run | Yrd Mat Min Mat Min Exi Min Mat Fac Sto Rec Scr Used RIF Installer . | . . . . . . . . . . . . Robots Hacked 4 | . . . . . 4 . . . . . . Non-combat 3 | . . . . . 3 . . . . . . Combat 1 | . . . . . 1 . . . . . . Robot Hacks Applied 4 | . . . . . 4 . . . . . . parse_system 4 | . . . . . 4 . . . . . . Relay Couplers Released 1 | . . . . . . . 1 . . . . Machine Destruction 1 | . . . . . . . 1 . . . . Fabnet Peak Effective % . | . . . . . . . . . . . . Robots Rewired 8 | . . . . . . . . . . 8 . Allies Hacked . | . . . . . . . . . . . . Hacks Repelled . | . . . . . . . . . . . . Allies | -11 -10 -10 -9 -9 -9 -8 -8 -7 -7 -7 -7 -------- Run | Yrd Mat Min Mat Min Exi Min Mat Fac Sto Rec Scr Total Allies 17 | . . 3 . 1 . . . . 2 8 3 Largest Group 8 | . . 3 3 1 . . . . 2 8 8 Highest-Rated Group 340 | . . 40 40 31 . . . . 62 168 340 Highest-Rated Ally 191 | . . 16 16 31 . . . . 31 40 191 Total Orders 16 | . . . . . . . . . . . 16 STAY 4 | . . . . . . . . . . . 4 FOLLOW 9 | . . . . . . . . . . . 9 PICKUP 3 | . . . . . . . . . . . 3 Ally Attacks 210 | . . 2 53 4 . . . . 58 5 88 Total Damage 7013 | . . 30 334 83 . . . . 913 94 5559 Kills 50 | . . 2 6 . . . . . 5 1 36 Allies Corrupted 1 | . . . 1 . . . . . . . . Allies Melted 1 | . . . . . . . . . . . 1 Field Lobotomies 3 | . . . . . . . . . . . 3 Intel | -11 -10 -10 -9 -9 -9 -8 -8 -7 -7 -7 -7 ------- Run | Yrd Mat Min Mat Min Exi Min Mat Fac Sto Rec Scr Active Infowar (turns) 5589 | . . 810 138 . . . . 3802 839 . . Sensors 4423 | . . . . . . . . 3584 839 . . Terrain 218 | . . . . . . . . 218 . . . Seismic 948 | . . 810 138 . . . . . . . . Robot Analysis Total 3 | . . 2 1 . . . . . . . . Derelict Logs Recovered 2 | . . 1 . 1 . . . . . . . Drone Launches . | . . . . . . . . . . . . Drone Recoveries . | . . . . . . . . . . . . Exploration | -11 -10 -10 -9 -9 -9 -8 -8 -7 -7 -7 -7 ------------- Run | Yrd Mat Min Mat Min Exi Min Mat Fac Sto Rec Scr Turns Passed 23683 | 109 1793 1114 2806 1360 2613 894 3598 4407 1212 1449 2328 Spaces Moved 8995 | 68 622 614 1128 406 810 268 1288 1895 394 432 1070 Core 26 | 26 . . . . . . . . . . . Treads 7546 | 42 622 614 1128 406 810 268 1288 1895 151 316 6 Legs . | . . . . . . . . . . . . Wheels 1423 | . . . . . . . . . 243 116 1064 Hover . | . . . . . . . . . . . . Flight . | . . . . . . . . . . . . Fastest Speed 50 | 50 160 160 160 320 320 320 200 200 190 175 160 Average Speed 225 | 134 160 160 226 320 320 320 223 212 211 289 183 Slowest Speed 490 | 200 240 160 320 320 320 320 240 240 326 490 320 Overloaded Moves . | . . . . . . . . . . . . Propulsion Burnouts . | . . . . . . . . . . . . Robots Hopped . | . . . . . . . . . . . . Potential Cave-ins 8 | . . . . . . . . . 8 . . Cave-ins Triggered 1 | . . . . . . . . . 1 . . Exploration Rate (%) 72 | 4 94 98 97 72 72 62 92 54 76 91 60 Regions Visited 11 Branch Regions 7 Pre-discovered Areas 12 | . 4 1 1 . 1 . 2 . . 3 . Known Exits Taken 4 | . . 1 . . . . . 1 1 1 . Unknown Exits Taken 7 | 1 1 . 1 1 1 1 1 . . . . Scrap Searched 8 | . . 1 . 1 . 1 . . . . 5 Spaces Dug 34 | . . . . . . . 2 13 19 . . Terrain Destroyed 150 | . . . 7 2 . 2 22 13 98 . 6 Melee . | . . . . . . . . . . . . Projectile 79 | . . . . . . 2 22 . 51 . 4 AOE 71 | . . . 7 2 . . . 13 47 . 2 Terrain Rammed . | . . . . . . . . . . . . Walls Destroyed . | . . . . . . . . . . . . Machines Disabled . | . . . . . . . . . . . . Actions | -11 -10 -10 -9 -9 -9 -8 -8 -7 -7 -7 -7 --------- Run | Yrd Mat Min Mat Min Exi Min Mat Fac Sto Rec Scr Total 11365 | 83 1335 677 1297 442 835 288 1694 2134 649 599 1332 Wait 1116 | 2 622 19 71 6 . 10 125 52 90 14 105 Move 8983 | 67 621 613 1127 405 809 267 1287 1894 392 431 1070 Hop . | . . . . . . . . . . . . Pick Up 198 | 8 19 3 27 8 8 . 46 35 27 4 13 Fast Attach 69 | 4 8 2 5 1 . 1 18 7 7 7 9 Attach 68 | 2 . 2 5 . 3 . 18 6 14 2 16 Detach 8 | . . . . . . . . . 2 4 2 Swap 106 | . 5 1 7 4 1 1 12 26 23 3 23 Drop 199 | . 15 1 17 6 10 1 41 41 25 14 28 Fire 491 | . 45 33 38 9 . 8 144 66 66 16 66 Melee 4 | . . . . . 4 . . . . . . Ram . | . . . . . . . . . . . . Kick . | . . . . . . . . . . . . Crush 18 | . . 3 . 3 . . 3 7 2 . . Escape Stasis 1 | . . . . . . . . . 1 . . Rewire 104 | . . . . . . . . . . 104 . Trap . | . . . . . . . . . . . . Miscellaneous . | . . . . . . . . . . . . Route ------- -11/Scrapyard -10/Materials (discovered 6 exits: *Mat x3 / *Min x2 / [*Sub]) -10/Mines (discovered 3 exits: *Mat x2 / [*Sub]) -9/Materials (discovered 4 exits: *Mat x3 / *Min) -9/Mines (discovered 2 exits: *Mat / *Exi) -9/Exiles (discovered 2 exits: [*Min x2]) -8/Mines -8/Materials (discovered 3 exits: *Fac x3) -7/Factory (discovered 6 exits: *Fac x3 / *Sto / *Low x2) -7/Storage (discovered 2 exits: *Fac / *Rec) -7/Recycling (discovered 2 exits: Fac / *Scr) -7/Scraptown (discovered 1 exit: *Fac) History --------- Turn | Location | Event 5 | -11/Scrapyard | Discovered new exit (range 14) 110 | -11/Scrapyard | Entered Materials 311 | -10/Materials | Build established: Mutant 523 | -10/Materials | Discovered new exit (range 11) 637 | -10/Materials | Discovered new exit (range 10) 871 | -10/Materials | Discovered new exit (range 16) 986 | -10/Materials | Discovered new exit (range 11) 1226 | -10/Materials | Repaired Lgt. Treads 1260 | -10/Materials | Repaired Beam Rifle 1277 | -10/Materials | Learned location of 1 exit from Recycling 1357 | -10/Materials | Learned location of Recycling (-7) 1426 | -10/Materials | Learned location of 2 exits from Subcaves 1484 | -10/Materials | Learned location of 1 exit from Recycling 1571 | -10/Materials | Identified exit to Materials 1600 | -10/Materials | Learned 4 Recycling zone layouts 1637 | -10/Materials | Learned location of Storage (-7) 1741 | -10/Materials | Learned Storage machine intel 1903 | -10/Materials | Entered Mines 2024 | -10/Mines | Received a Rocket Launcher from a helpful Derelict 2087 | -10/Mines | Assembled infested the area 2092 | -10/Mines | Assisted by a Guerilla fighting off Assembled 2202 | -10/Mines | Discovered new exit (range 3) 2208 | -10/Mines | Lost 4 parts (1p1n1u1w) 2233 | -10/Mines | Discovered exit to Materials (range 8) 2268 | -10/Mines | Core integrity fell below 50% 2382 | -10/Mines | Discovered exit to Materials (range 11) 2490 | -10/Mines | Learned location of Zion (-6) 2514 | -10/Mines | Assisted by bots powering up and referring to "LRC-V3" 3017 | -10/Mines | Entered Materials 3017 | -9/Materials | Accompanied by 3 allies 3017 | -9/Materials | Evolved 2 slots: Utility x1, Weapon x1 3372 | -9/Materials | Discovered new exit (range 4) 3379 | -9/Materials | Build established: Scavenger-Tank 3796 | -9/Materials | Learned Storage emergency access door positions 3872 | -9/Materials | Learned Storage trap positions 3967 | -9/Materials | Central database locked down 3995 | -9/Materials | Build established: Gunner 4004 | -9/Materials | Discovered new exit (range 16) 4033 | -9/Materials | Learned 2 Storage zone layouts 4088 | -9/Materials | Learned 4 Recycling zone layouts 4146 | -9/Materials | Discovered new exit (range 15) 4153 | -9/Materials | Learned Recycling recycling unit intel 4290 | -9/Materials | Discovered new exit (range 16) 4315 | -9/Materials | Build established: Tank 5823 | -9/Materials | Entered Mines 5869 | -9/Mines | Met a Derelict bent on vengeance 5951 | -9/Mines | Received a Mining Laser from a helpful Derelict 6250 | -9/Mines | Deemed a non-threat by the Exiles lab entrance 6369 | -9/Mines | Build established: Gunner 6578 | -9/Mines | Met a Derelict shopkeep closing up shop 6853 | -9/Mines | Discovered new exit (range 10) 7167 | -9/Mines | Discovered new exit (range 5) 7183 | -9/Mines | Entered Exiles 7260 | -9/Exiles | Met 8R-AWN 7303 | -9/Exiles | Discovered new exit (range 14) 7399 | -9/Exiles | Met EX-HEX 7605 | -9/Exiles | Met EX-DEC 7686 | -9/Exiles | Build established: Mutant 7760 | -9/Exiles | Met EX-BIN 7961 | -9/Exiles | Aligned with FarCom system 7964 | -9/Exiles | Given EX-Vault access code 8038 | -9/Exiles | Opened EX-Vault 8057 | -9/Exiles | Found 0b10 Alert Chip 8066 | -9/Exiles | Found Field Lobotomy Kit 8139 | -9/Exiles | Warned to stay clear of 0b10 Research branches 8359 | -9/Exiles | Discovered new exit (range 14) 9490 | -9/Exiles | Found Trap Reconfigurator 9796 | -9/Exiles | Stole three prototypes: 0b10 Alert Chip, Trap Reconfigurator, Field Lobotomy Kit 9796 | -9/Exiles | Entered Mines 10082 | -8/Mines | Build established: Skirmisher 10674 | -8/Mines | Discovered new exit (range 6) 10690 | -8/Mines | Entered Materials 10690 | -8/Materials | Evolved 2 slots: Propulsion x1, Utility x1 10919 | -8/Materials | Central database locked down 11266 | -8/Materials | Garrison activated, responded to threat 11386 | -8/Materials | Garrison activated, responded to threat 11684 | -8/Materials | Lost 12 parts (1p4n2u5w) 11922 | -8/Materials | Discovered new exit (range 10) 12290 | -8/Materials | Core integrity fell below 50% 12613 | -8/Materials | Discovered new exit (range 11) 13132 | -8/Materials | Discovered new exit (range 13) 13296 | -8/Materials | Repaired Imp. Treads+ 13462 | -8/Materials | Build established: Scavenger-Skirmisher 13772 | -8/Materials | Learned location of 1 exit from Extension 13812 | -8/Materials | Learned Factory recycling unit intel 13862 | -8/Materials | Learned Factory emergency access door positions 13890 | -8/Materials | Learned location of 1 exit from Recycling 13921 | -8/Materials | Learned Factory scanalyzer intel 14031 | -8/Materials | Build established: Skirmisher 14288 | -8/Materials | Entered Factory 14288 | -7/Factory | Evolved 2 slots: Utility x2 14289 | -7/Factory | Identified exit to Lower Caves 14290 | -7/Factory | FarCom data flow suspended 14291 | -7/Factory | Loaded intel: 6 recycling unit locations 14292 | -7/Factory | Loaded intel: 4 scanalyzer locations 14757 | -7/Factory | Fabricated Thermal Shield? 15025 | -7/Factory | Central database locked down 15378 | -7/Factory | Discovered new exit (range 13) 15418 | -7/Factory | Identified exit to Factory 15732 | -7/Factory | Discovered exit to Factory (range 7) 15932 | -7/Factory | Discovered exit to Factory (range 14) 16805 | -7/Factory | Fabricated Cargo Storage Unit? 16995 | -7/Factory | Discovered exit to Lower Caves (range 14) 18681 | -7/Factory | Discovered new exit (range 6) 18693 | -7/Factory | Identified exit to Storage 18695 | -7/Factory | Entered Storage 18696 | -7/Storage | Identified exit to Recycling 18698 | -7/Storage | Loaded intel: 15 trap records 18699 | -7/Storage | Loaded intel: 48 machine locations 19267 | -7/Storage | Discovered exit to Factory (range 5) 19282 | -7/Storage | Build established: Hauler-Skirmisher 19474 | -7/Storage | Met a pair of Derelict thieves 19681 | -7/Storage | Crushed by falling debris 19682 | -7/Storage | System corruption reached 10% 19712 | -7/Storage | Lost 3 parts (1n2u) 19894 | -7/Storage | Used back door to open Recycling access 19907 | -7/Storage | Entered Recycling 19908 | -7/Recycling | Identified exit to Scraptown 19908 | -7/Recycling | Identified exit to Factory 19910 | -7/Recycling | Loaded intel: 5 recycling unit locations 19928 | -7/Recycling | Build established: Hauler-Tank 21205 | -7/Recycling | Build established: Commander-Tank 21307 | -7/Recycling | Scanned before Scraplab entrance 21331 | -7/Recycling | Entered Scraplab 21356 | -7/Recycling | Entered Scraptown 21356 | -7/Scraptown | Accompanied by 7 allies 21356 | -7/Scraptown | System corruption cleaned by C-Scrubber 21510 | -7/Scraptown | Heard Great Nut preacher, LISTEN AND RECITE! 21881 | -7/Scraptown | Discovered exit to Factory (range 7) 22044 | -7/Scraptown | Visited Symbiants 22101 | -7/Scraptown | Visited Cyclists 22536 | -7/Scraptown | Visited TADAMA 22579 | -7/Scraptown | Visited Bundlers 22700 | -7/Scraptown | Visited Fellowship of the Rings 22783 | -7/Scraptown | Visited IN-MT5's Study 22825 | -7/Scraptown | Visited Cave Peace 23323 | -7/Scraptown | Turned away by UFD registrar 23362 | -7/Scraptown | Attached CPS modules to Triborg. 23363 | -7/Scraptown | Attacked by Scraptown defenders 23363 | -7/Scraptown | Assimilated Triborg with FLK Orb 23415 | -7/Scraptown | Core integrity fell below 50% 23458 | -7/Scraptown | Lost 6 allies 23505 | -7/Scraptown | Destroyed 10 combat bots 23579 | -7/Scraptown | Found Unknown Treads 23626 | -7/Scraptown | Identified Tri-treads 23627 | -7/Scraptown | Found Prototype Ballistic Cannon 23631 | -7/Scraptown | Identified Siege Cannon 23658 | -7/Scraptown | Assimilated VO-EAG(j) with FLK Orb 23668 | -7/Scraptown | Core integrity fell below 20% 23678 | -7/Scraptown | Assimilated 9A-J4M(j) with FLK Orb 23684 | -7/Scraptown | Destroyed by Optimus with Helical Railgun Last Messages --------------- 23677_ Penetrated by Slug. 23677_ Slug penetrates Earth. 23678_ 9A-J4M(j) assimilated. 23679_ 9A-J4M(j) destroyed. 23679_ Proton Missile Launcher destroyed. 23679_ Penetrated by Slug. 23679_ Slug penetrates Earth. 23680_ Critical hit (Impale). 23680_ Field Lobotomy Kit destroyed. 23682_ Mak. Medium Armor Plating destroyed. 23683_ X9-QKQ(j): "Wanderer? More like Loserface!" 23683_ CN-AZR(E) destroyed. 23683_ Chain reaction triggered in Corrupted Imp. Deuterium Engine. 23683_ Penetrated by Slug. 23684_ Acquired 73 matter. 23684_ Med. Treads+ destroyed. 23684_ Penetrated by Slug. 23684_ Arm. Treads destroyed. Map ----- +----------------------------------------------------+ | #???????????????????????? | | ################ #???????????????????????? | | ???????????????# #???????????????????????? | | ???????????????# #???????????????????????? | | ???????????????# #???????????????????????? | | ???????????????# #???????????????????????? | | ???????????????# #???????????????????????? | | ##########?????# ###?????????????????????? | | #?????# ! ""#"#"??????????????????? | | #?????# * =%[""""# ??????????????????? | | #?????#=[=!% !!""##!#??????????????????? | | #???? %!!% [ [=###?! ??????????????????? | | #????? %%=%=[ =%####=#??????????????????? | | #?????#!![! %* * !=%% ??????????????????? | | #?????# !!! % *=j[???????????????????? | | #?????#![%= % [!=E"???????????????????? | | ###???# [!= %!%!!"???????????????????? | | ### ###%##""#### !*!%[!!"???????????????????? | | %=%%! !%!/%*!%%"???????????????????? | | [[*%!**! !=%! %!*="???????????????????? | | [=!!*%!%[ !][*!!%=%!"???????????????????? | | =!%=!&=! ![%[!!3!=p%"???????????????????? | | [=%[!%!==% ]!=!%!=[j]"???????????????????? | | !!!%%!=%! %=!%=*!%%=![#"???????????????????? | | %%!*!%%%* / ==! =jx%!#????????????????????? | | ==%![!= %!!/ @|=#????????????????????? | | ### #############; ;[ !!! #!#????????????????????? | | #??## ! [[=![ #????????????????????? | | #??#; * = * #????????????????????? | | "## ; [=;* ##????????????????????? | | ##### ; # #?????????????????????? | | ""#???# "" ;| # #?????????????????????? | | "#???# """" #=% # #?????????????????????? | | %"#???# """" !%!!# ?????????????????????? | | !""#???# #%[%## ?????????????????????? | | #???# #=%=#?#?????????????????????? | | # "#???########"## #???????????????????????? | | # "#??????????##?; #???????????????????????? | | ! ! #??###########; #???????????????????????? | | #"%" "#??#""""""""""" #???????????????????????? | | #""" ""#??#""""" """"" #???????????????????????? | | ###########"""" " "" #???????????????????????? | | ????# #???????????????????????? | | ??### #####"" "" "" " #???????????????????????? | | ?#""" "#??#""""""""""" #???????????????????????? | | ?#""" "#??#""""""""""" #???????????????????????? | | ##""" "#??############ #???????????????????????? | | ##"" "#?############# #???????????????????????? | | ##"" "#?#"""""""""""# #???????????????????????? | | ##" "#?#"" ][* =!="# #???????????????????????? | +----------------------------------------------------+ Best States ------------- Heat Dissipation 62 Coolant Potential 50 Energy Generation 16 Energy Capacity 900 Matter Stores 300 Matter Capacity 300 Sight Range 16 Robot Scan Range 15 Terrain Scan Range 14 Terrain Scan Density 210 Armor Coverage 600 Resistance: TH 10 Utility Shielding 66 Weapon Cycling 15 Evasion (%) 50 Targeting Accuracy 8 Recoil Reduction 3 Item Schematics ----------------- Cargo Storage Unit | -10/Mines | Hacked Flak Cannon | -9/Materials | Scanalyzed Arm. Wheel | -9/Materials | Scanalyzed Imp. Treads | -9/Materials | Scanalyzed Robot Schematics ------------------ R-06 Scavenger | -7/Recycling | Hacked Fabricated ------------ Thermal Shield | x2 | -7/Factory | Preloaded Cargo Storage Unit | x1 | -7/Factory Repaired ---------- Lgt. Treads | 22% | -10/Materials Beam Rifle | 29% | -10/Materials Imp. Treads | 10% | -8/Materials Studied --------- Imp. Treads | -8/Materials | Hacked Med. Treads | -7/Factory | Hacked Alien Tech Used ----------------- None Achievements -------------- None Challenges ------------ None Game ------ Seed GravjetResetWell Manual? 0 Play Time 02:25:16 Cumulative 841.0 hours Start 2025.11.25 @ 12:07:36 End 2025.11.30 @ 08:24:46 Sessions 12 Manual Loads 0 Difficulty Rogue Special Mode None Game No. 187 Rogue 187 Adventurer 0 Explorer 0 Win Type - Total 52 Types 13/9/11/2/2/1/9/2/1/2 Lore% 83 Gallery% 87 Achievement% 73 Wizard Run 0 Options --------- Layout 1 ASCII 0 Keyboard 0 Movement Mouse Keybinds 0 Fullscreen 1 Font 24/Smallcaps Map View 50x35 Zoom Use 0% Tactical HUD 1 Map Filters NONE Filters NONE Steam 1 RUN: c0ccf46a-0d00-4b7d-b318-8665a9b5e487